 Dungeon Crawl Stone Soup version 0.29-a0-11-ga75d3d97ab (webtiles) character file.

Game seed: 11624192371459031095

35 issech the Cudgeller (level 3, -6/37 HPs)
             Began as a Troll Monk on Jan 28, 2022.
             Mangled by a black bear (11 damage)
             ... on level 2 of the Dungeon.
             The game lasted 00:03:14 (837 turns).

issech the Cudgeller (Troll Monk)                    Turns: 837, Time: 00:03:16

Health: -6/37      AC:  4    Str: 19    XL:     3   Next: 17%
Magic:  2/2        EV: 10    Int:  6    God:
Gold:   13         SH:  0    Dex: 14    Spells: 2/2 levels left

rFire   . . .      SeeInvis .   a - +0 mace
rCold   . . .      Faith    .   (no shield)
rNeg    . . .      Spirit   .   b - +0 robe
rPois   .          Reflect  .   (helmet restricted)
rElec   .          Harm     .   (no cloak)
rCorr   .          Rampage  .   (gloves unavailable)
Will    .....                   (boots unavailable)
Stlth   ++........              (no amulet)
HPRegen 0.92/turn               (no ring)
MPRegen 0.08/turn               (no ring)

@: no status effects
A: large, unfitting armour, claws 3, regeneration 1, shaggy fur 1, tough skin 1
a: no special abilities


You were on level 2 of the Dungeon.
You visited 1 branch of the dungeon, and saw 2 of its levels.

You collected 13 gold pieces.

Inventory:

Hand Weapons
 a - a +0 mace (weapon)
 e - a +0 hunting sling
Missiles
 h - 66 stones (quivered)
Armour
 b - a +0 robe (worn)
Magical Staves
 i - a staff of poison
Scrolls
 f - a scroll of magic mapping {unknown}
 g - 3 scrolls of identify {unknown}
 j - 2 scrolls of fear {unknown}
 l - 2 scrolls of fog {unknown}
Potions
 c - a potion of brilliance {unknown}
 d - a potion of berserk rage {unknown}
 k - a potion of magic {unknown}
 m - a potion of heal wounds {unknown}


   Skills:
 + Level 3.0 Fighting
 + Level 3.0 Maces & Flails
 + Level 2.8 Dodging
 + Level 1.0 Stealth


You had 2 spell levels left.
You didn't know any spells.
Your spell library was empty.

Dungeon Overview and Level Annotations

Branches:
Dungeon (2/15)

Altars:


Innate Abilities, Weirdness & Mutations

You are too large for most types of armour.
You have claws for hands.
Your natural rate of healing is unusually fast.
You are covered in fur. (AC +1)
You have tough skin. (AC +1)


Message History

The black bear is moderately wounded.
The black bear barely misses you. The black bear claws you.
The black bear claws you but does no damage.
The black bear bites you. The black bear closely misses you.
The black bear barely misses you.
You hit the black bear.
The black bear is moderately wounded.
The black bear completely misses you.
The black bear claws you but does no damage. x2
You thump the black bear!
The black bear is severely wounded.
The black bear misses you.
The black bear claws you but does no damage.
The black bear claws you.
You barely miss the black bear.
The black bear is severely wounded.
The black bear closely misses you. The black bear barely misses you. x2
You hit the black bear.
The black bear is almost dead.
The black bear barely misses you. x3
You barely miss the black bear.
The black bear is almost dead.
The black bear goes berserk!
The black bear bites you but does no damage.
The black bear claws you. x2
You hit the black bear.
The black bear is almost dead.
The black bear bites you. The black bear claws you.
The black bear claws you but does no damage.
The black bear bites you.
* * * LOW HITPOINT WARNING * * *
The black bear closely misses you. The black bear misses you.
You hit the black bear.
The black bear is almost dead.
The black bear barely misses you. The black bear claws you.
* * * LOW HITPOINT WARNING * * *
The black bear claws you.
* * * LOW HITPOINT WARNING * * *
The black bear bites you!
You die...

#.. #.# #..# #.# .# #..#
#†# .####..#########.# #
####.# ..............#####
##### ...#.#.##..#
####...[....# #....
...#.#.##..######.######.#
#.##. #..#..#.#......##.#
#.##. #..#.# #.#.###.#@.#
...... #...##
##..).†.h.####### ##.##.
##...###...###..........
.. ... ####.#.####
########### ## .... ##.##
##### ###


You could see a black bear (berserk).

Vanquished Creatures
  5 ball pythons
  6 hobgoblins
  7 kobolds
  A quokka (D:1)
  4 bats
  3 frilled lizards (D:1)
  4 goblins
  2 rats
32 creatures vanquished.

Vanquished Creatures (others)
  A plant (D:1)
1 creature vanquished.

Grand Total: 33 creatures vanquished

Notes
Turn   | Place    | Note
-------+----------+-------------------------------------------
     0 | D:1      | issech the Troll Monk began the quest for the Orb.
     0 | D:1      | Reached XP level 1. HP: 22/22 MP: 0/0
    59 | D:1      | Found a faded altar of an unknown god.
   197 | D:1      | Reached XP level 2. HP: 26/29 MP: 1/1
   560 | D:2      | Reached XP level 3. HP: 36/36 MP: 2/2
   790 | D:2      | Noticed a black bear
   837 | D:2      | Mangled by a black bear

Illustrated notes

Levels and vault maps discovered:
D:1:      psy_arrival_wood_between_worlds, layout_rooms,
          shapermc_ecumenical_altar_gd
D:2:      layout_loops_ring, serial_shops, nicolae_shop_statue_plus

Skill      XL: |  1  2  3 |
---------------+----------+-----
Maces & Flails | 3 |  3.0
Fighting       | 3 |  3.0
Dodging        | |  2.8
Stealth        | |  1.0

Action                   || total
-------------------------++-------
Melee: Mace              ||    96
 Stab: Sleeping          ||     1
Armor: Robe              ||    60
Dodge: Dodged            ||    91

Table legend: (Time is in decaauts)
 A = Elapsed time spent in this place.
 B = Non-inter-level travel time spent in this place.
 C = Inter-level travel time spent in this place.
 D = Time resting spent in this place.
 E = Time spent auto-exploring this place.
 F = Levels seen in this place.
 G = Mean time per level.
                   A        B        C        D        E       F      G
               +--------+--------+--------+--------+--------+-----+--------+
         Total |    860 |    849 |     11 |      0 |    417 |   2 |  430.0 |
       Dungeon |    860 |    849 |     11 |      0 |    417 |   2 |  430.0 |
               +--------+--------+--------+--------+--------+-----+--------+

Top non-repeatable levels by time:
     D:1: 524 daAuts
     D:2: 336 daAuts
